 Dungeon Crawl Stone Soup version 0.18-b1-14-g029dad2 (webtiles) character file.

4979 6a6kaBkacke the Protected (level 10, -7/89 HPs)
             Began as a Minotaur Fighter on Apr 30, 2016.
             Mangled by an orc warrior
             ... wielding a +0 glaive
              (11 damage)
             ... on level 9 of the Dungeon.
             The game lasted 00:35:19 (6901 turns).

6a6kaBkacke the Protected (Minotaur Fighter)        Turns: 6901, Time: 00:35:20

Health: -7/89      AC: 17    Str: 23    XL:     10   Next: 29%
Magic:  0/9        EV: 10    Int:  5    God:
Gold:   328        SH:  0    Dex: 11    Spells: 0 memorised, 9 levels left

rFire  . . .     SeeInvis .     o - +1 spear (pierce)
rCold  . . .     Gourm    .     a - +0 chain mail {MR+}
rNeg   . . .     Faith    .     (no shield)
rPois  .         Spirit   +     (helmet restricted)
rElec  .         Dismiss  .     (no cloak)
rCorr  .         Reflect  .     t - +0 pair of gloves
SustAt .         Harm     .     e - +1 pair of boots
MR     +....     Rnd*Tele +     m - amulet of guardian spirit
Stlth  ..........               j - ring of teleportation (curse)
                                k - ring of flight

@: somewhat resistant to hostile enchantments, extremely unstealthy
A: retaliatory headbutt, horns 2, icy blue scales 1
a: Evoke Flight


You were on level 9 of the Dungeon.
You were not hungry.

You visited 1 branch of the dungeon, and saw 9 of its levels.

You collected 398 gold pieces.
You spent 70 gold pieces at shops.

Inventory:

Hand Weapons
 o - a +1 spear of piercing (weapon)
 y - the +7 mace of Ramiyli {drain, MP+9 Dex+4, unknown}
   (You found it on level 8 of the Dungeon)

   A truly terrible weapon, it drains the life of those it strikes.
   It affects your dexterity (+4).
   It affects your magic capacity (+9).
Missiles
 q - 6 tomahawks (quivered)
Armour
 a - a +0 chain mail of magic resistance (worn)
 e - a +1 pair of boots (worn)
 r - a +0 chain mail of fire resistance
 t - a +0 pair of gloves (worn)
Jewellery
 g - an uncursed ring of protection from cold {unknown}
 j - a cursed ring of teleportation (right hand)
 k - a ring of flight (left hand)
 m - an amulet of guardian spirit (around neck)
Wands
 c - a wand of flame (16/48)
Scrolls
 s - 2 scrolls of identify
 u - a scroll of recharging {unknown}
 v - a scroll of teleportation {unknown}
 x - a scroll of magic mapping {unknown}
 z - a scroll of enchant armour
 B - a scroll of blinking
Potions
 d - 3 potions of might
 h - 2 potions of flight
 p - a potion of agility
 A - a potion of brilliance {unknown}
Books
 n - the Guide on Flight and Envenoming
   (You found it on level 8 of the Dungeon)

   Spells                             Type                      Level
   a - Sting                          Conjuration/Poison           1
   b - Spider Form                    Transmutation/Poison         3
   c - Airstrike                      Air                          4
   d - Venom Bolt                     Conjuration/Poison           5
   e - Alistair's Intoxication        Transmutation/Poison         5
Comestibles
 b - 2 beef jerkies
 f - 5 bread rations
 i - a slice of pizza
 l - 2 royal jellies
 w - a meat ration
 C - 22 fruits
 D - 4 chunks of flesh


   Skills:
 + Level 8.3 Fighting
 * Level 10.2 Polearms
 * Level 12.0 Armour
 + Level 5.1 Dodging
 + Level 1.3 Stealth
   Level 3.9 Shields


You had 9 spell levels left.
You didn't know any spells.

Dungeon Overview and Level Annotations

Branches:
Dungeon (9/15)             Temple (0/1) D:7
   Lair: D:8-11         Orc: D:9-12

Altars:
Gozag
Makhleb
Nemelex Xobeh
Qazlal
Sif Muna

Shops:
D:5 !


Innate Abilities, Weirdness & Mutations

You reflexively headbutt those who attack you in melee.
You have a pair of horns on your head.
You are partially covered in icy blue scales (AC +1).


Message History

You closely miss the orc warrior.
The orc warrior is moderately wounded.
You hit the orc warrior but do no damage.
The orc warrior is moderately wounded.
The orc warrior hits you but does no damage.
You hit the orc warrior but do no damage.
You headbutt the orc warrior.
The orc warrior is heavily wounded.
You hit the orc warrior. Your headbutt misses the orc warrior.
The orc warrior is heavily wounded.
The orc warrior completely misses you.
The orc warrior hits you but does no damage.
You hit the orc warrior but do no damage.
The orc warrior is heavily wounded.
You barely miss the orc warrior.
The orc warrior is heavily wounded.
The orc warrior hits you with a hand axe.
* * * LOW HITPOINT WARNING * * *
The orc warrior hits you from afar with a glaive!
You die...

#....##...## #.############
.....(......####............#
......#......o..........###.#
##.##......o####.######.# #.#
#. ##.....#####[# #.# #o#
#..#o####.#.# #.# #.#
##...oo..#..######.# #o#
#.#.##o###..).....# #o#
#.#.###@#..#####..###.# # #.#
##.### #.......## ..# #.#
#.......o( ..# #.# #.#.######
..## .# #.#.. %. .# #.##.# .#
#. .# .# .# #


You could see 2 orc warriors and 2 orcs.

Vanquished Creatures
  A two-headed ogre (D:8)
  6 yaks (D:9)
  A hungry ghost (D:9)
  2 hippogriffs (D:9)
  A sky beast (D:8)
  4 ogres
  An orc warrior (D:8)
  An ice beast (D:5)
  2 black bears
  2 phantoms
  3 centaurs
  2 big kobolds (D:8)
  Blork the orc (D:6)
  6 giant frogs
  2 scorpions
  6 killer bees (D:8)
  2 howler monkeys
  4 wights (D:3)
  2 crimson imps
  A giant frog zombie (D:9)
  5 hounds
  2 jellies
  4 orc priests
  5 orc wizards
  A giant frog skeleton (D:5)
  2 centaur skeletons
  5 worker ants
  A killer bee zombie (D:9)
  2 hound skeletons
  A hound zombie (D:6)
  A worker ant zombie (D:5)
  4 gnolls (D:3)
  8 adders
  5 oozes
  4 dart slugs
  6 giant geckos
  39 orcs
  12 bats
  2 giant cockroaches
  12 goblins
  13 hobgoblins
  2 jackals (D:1)
  6 quokkas
  8 giant newts
  15 kobolds
  A quokka skeleton (D:6)
  4 rats
220 creatures vanquished.

Vanquished Creatures (others)
  A bat (D:5)
1 creature vanquished.

Grand Total: 221 creatures vanquished

Notes
Turn   | Place    | Note
--------------------------------------------------------------
     0 | D:1      | 6a6kaBkacke the Minotaur Fighter began the quest for the Orb.
     0 | D:1      | Reached XP level 1. HP: 19/19 MP: 0/0
   107 | D:1      | Reached XP level 2. HP: 27/27 MP: 1/1
   233 | D:1      | Reached skill level 4 in Armour
   328 | D:1      | Reached XP level 3. HP: 34/34 MP: 2/2
   362 | D:1      | You fall through a shaft!
   442 | D:2      | Found a stormy altar of Qazlal.
   519 | D:2      | Reached skill level 1 in Dodging
   600 | D:2      | Reached XP level 4. HP: 40/41 MP: 3/3
   952 | D:3      | Reached skill level 5 in Armour
   952 | D:3      | Reached XP level 5. HP: 6/47 MP: 4/4
  1252 | D:3      | Reached XP level 6. HP: 26/55 MP: 5/5
  1488 | D:3      | Gained mutation: Your flesh is cold resistant. [potion of mutation]
  1488 | D:3      | Gained mutation: You expend magic power (3 MP) to strengthen your wands. [potion of mutation]
  1488 | D:3      | Gained mutation: You are partially covered in icy blue scales (AC +1). [potion of mutation]
  1895 | D:3      | Reached skill level 5 in Fighting
  2037 | D:3      | Reached skill level 6 in Armour
  2112 | D:4      | Reached XP level 7. HP: 43/61 MP: 4/6
  2128 | D:4      | Reached skill level 5 in Polearms
  2223 | D:4      | Reached skill level 7 in Armour
  2810 | D:5      | Entered Level 5 of the Dungeon
  2961 | D:5      | Found an opulent altar of Gozag.
  3010 | D:5      | Reached XP level 8. HP: 54/69 MP: 5/7
  3215 | D:5      | Reached skill level 8 in Armour
  3235 | D:5      | Found a sparkling altar of Nemelex Xobeh.
  3400 | D:5      | Found Ympur's Distillery.
  3408 | D:5      | Bought a potion of might for 40 gold pieces
  3408 | D:5      | Bought a potion of curing for 30 gold pieces
  3668 | D:6      | Noticed Blork the orc
  3681 | D:6      | Killed Blork the orc
  3779 | D:6      | Reached skill level 1 in Stealth
  4471 | D:7      | Reached skill level 9 in Armour
  4509 | D:7      | Found a staircase to the Ecumenical Temple.
  4644 | D:7      | Found a deep blue altar of Sif Muna.
  4990 | D:8      | Reached XP level 9. HP: 64/78 MP: 6/8
  4999 | D:8      | Got a faintly glowing mace
  5111 | D:8      | Reached skill level 10 in Armour
  5215 | D:8      | Lost mutation: Your flesh is cold resistant. [potion of cure mutation]
  5215 | D:8      | Lost mutation: You expend magic power (3 MP) to strengthen your wands. [potion of cure mutation]
  5217 | D:8      | HP: 3/79 [something (1)]
  5662 | D:8      | Reached skill level 11 in Armour
  6344 | D:8      | Identified the Guide on Flight and Envenoming
  6601 | D:9      | Found a burning altar of Makhleb.
  6663 | D:9      | Reached skill level 5 in Dodging
  6670 | D:9      | Reached XP level 10. HP: 71/88 MP: 7/9
  6770 | D:9      | Reached skill level 10 in Polearms
  6838 | D:9      | Reached skill level 12 in Armour
  6859 | D:9      | HP: 3/89 [orc warrior/tomahawk (8)]
  6891 | D:9      | HP: 3/89 [orc warrior/hand axe (7)]
  6901 | D:9      | HP: 4/89 [orc warrior/hand axe (1)]
  6901 | D:9      | Mangled by an orc warrior

Skill      XL: |  1  2  3  4  5  6  7  8  9 10 |
---------------+-------------------------------+-----
Fighting       | 4 5 6 7 8 |  8.3
Armour         | 4 5 6 7 9 11 12 | 12.0
Dodging        | 1 2 3 4 5 |  5.1
Polearms       | 3 4 6 8 9 10 | 10.2
Stealth        | 1 |  1.3
Shields        | |  3.9

Action                   |  1- 3 |  4- 6 |  7- 9 | 10-12 || total
-------------------------+-------+-------+-------+-------++-------
Melee: Trident           |    88 |   172 |    59 |       ||   319
       Headbutt          |     9 |    23 |    91 |    21 ||   144
       Spear             |       |       |   411 |    84 ||   495
  Use: Potion            |       |     4 |     4 |     1 ||     9
       Scroll            |       |     2 |     1 |       ||     3
  Eat: Chunk             |       |     4 |    13 |     2 ||    19
       Fruit             |       |       |     2 |       ||     2
Armor: Scale mail        |    71 |    32 |       |       ||   103
       Chain mail        |       |    68 |   282 |    40 ||   390
Dodge: Dodged            |    66 |    83 |   202 |    27 ||   378
